cohdb
Replays
Latest Replays
All Replays
Popular Replays
Top Player Replays
Match Explorer
How It Works
Community
CoH3 Stats
Reddit
Sign in to upload your games and track your stats! →
Sign in with Steam
Match 41710143
Unlisted
Match 41710143
Overview
Messages
Build Orders
End
Engineer Squad
Construct Barracks
1⁄4-ton 4x4 Truck
Riflemen Squad
Riflemen Squad
Riflemen Squad
Infantry Support Center
Construct Motor Pool
M1 Mortar Team
Riflemen Squad
M8 Greyhound Armored Car
Construct Medical Station
M24 Chaffee Light Tank
Riflemen Squad
Grenade Package
M1918 Browning Automatic Rifles
Selects Heavy Weapons
Selects Assault Carriers
Selects Exchangeable Parts
Selects M26 Pershing Heavy Tank
Selects M2HB .50cal Heavy Machine Gun
jesseavoy
brainfart
Nukepapa
Kiko25
0
0
Comments
sign in to comment!
No comments posted yet!